 Dungeon Crawl Stone Soup version 0.30-a0-726-gd89dcf765f (webtiles) character file.

Game seed: 17789814843807868905

1414 timneilson the Covered (level 8, -1/49 HPs)
             Began as a Gargoyle Fighter on Jan 29, 2023.
             Slain by an ice beast (12 damage)
             ... on level 6 of the Dungeon.
             The game lasted 00:08:53 (4890 turns).

timneilson the Covered (Gargoyle Fighter)           Turns: 4890, Time: 00:08:53

Health: -1/49      AC: 18    Str: 26    XL:     8   Next: 71%
Magic:  0/8        EV: 15    Int:  8    God:
Gold:   285        SH:  5    Dex:  9    Spells: 7/7 levels left

rFire   . . .      SeeInvis .    a - +0 long sword
rCold   . . .      Faith    .    c - +0 buckler
rNeg    + . .      Spirit   +    p - +3 scale mail of the Fiend {rCorr Str+3}
rPois   ∞          Reflect  .    s - +1 helmet
rElec   +          Harm     .    (no cloak)
rCorr   +          Rampage  .    (no gloves)
Will    .....                    (no boots) Stlth
                                 o - amulet of guardian spirit
HPRegen 0.28/turn                w - +5 ring of evasion
MPRegen 0.11/turn                (no ring)

@: mighty
A: sickness immunity, AC +5, negative energy resistance 1, electricity
resistance, torment resistance 1, petrification resistance
a: no special abilities


You were on level 6 of the Dungeon.
You visited 2 branches of the dungeon, and saw 7 of its levels.
You also visited: Sewer.

You collected 285 gold pieces.

Inventory:

Hand Weapons
 a - a +0 long sword (weapon)
Armour
 c - a +0 buckler (worn)
 n - a +2 plate armour of fire resistance
 p - the +3 scale mail of the Fiend (worn) {rCorr Str+3}
   (You found it on level 2 of the Dungeon)

   Str:       It affects your strength (+3).
   rCorr:     It protects you from acid and corrosion.
 s - a +1 helmet (worn)
Jewellery
 o - an amulet of guardian spirit (around neck)
 w - a +5 ring of evasion (left hand)
Wands
 q - a wand of polymorph (7)
Scrolls
 b - 3 scrolls of teleportation
Potions
 d - a potion of might
 f - 2 potions of lignification
 h - 3 potions of magic
 i - a potion of degeneration {unknown}
 j - a potion of haste {unknown}
 k - 6 potions of mutation
 l - a potion of ambrosia {unknown}
 m - a potion of resistance {unknown}
 t - a potion of flight {unknown}
 v - a potion of attraction {unknown}


   Skills:
 + Level 5.0 Fighting
 * Level 4.8 Long Blades
 * Level 6.4 Armour
 + Level 2.7 Dodging
 * Level 6.3 Shields
 + Level 2.1 Evocations


You had 7 spell levels left.
You didn't know any spells.
Your spell library contained the following spells:

 Spells                   Type           Power      Damage    Failure   Level
 Shock                    Conj/Air       0%         1d3       75%         1
 Ozocubu's Armour         Ice            0%         N/A       98%         3
 Summon Guardian Golem    Hex/Summ       0%         N/A       98%         3
 Swiftness                Air            0%         N/A       98%         3
 Airstrike                Air            0%         2d(0-16)  100%        4
 Metabolic Englaciation   Hex/Ice        0%         N/A       100%        5
 Simulacrum               Ice/Necr       0%         N/A       100%        6
 Orb of Destruction       Conj           0%         9d5       100%        7
 Spellforged Servitor     Conj/Summ      0%         N/A       100%        7


Dungeon Overview and Level Annotations

Branches:
Dungeon (6/15)             Temple (1/1) D:4           Sewer (visited)

Altars:
Cheibriados
Dithmenos
Fedhas
Hepliaklqana
Kikubaaqudgha
Makhleb
Qazlal
Ru
Sif Muna
Uskayaw
Vehumet
Wu Jian
The Shining One

Annotations:
D:6 1 runed translucent door, baller8008's ghost, novice TrBe


Innate Abilities, Weirdness & Mutations

You are immune to sickness and miasma.
Your stone body is resilient. (AC +5)
You are immune to poison.
You resist negative energy. (rN+)
You are resistant to electric shocks. (rElec)
You are resistant to unholy torment.
You are immune to petrification.


Message History

You slash the ice beast!
The ice beast is heavily wounded.
The ice beast barely misses you. The orc warrior closely misses you.
You feel very mighty all of a sudden. The ice beast misses you.
The orc warrior hits you with a +0 long sword!
* * * LOW HITPOINT WARNING * * *
You closely miss the ice beast.
The ice beast is heavily wounded.
You block the ice beast's attack.
The orc warrior hits you but does no damage.
The orc warrior closely misses you.
The ice beast hits you but does no damage.
You feel much better. The ice beast completely misses you.
The orc warrior hits you but does no damage.
You hit the ice beast.
The ice beast is severely wounded.
The ice beast misses you.
The orc warrior hits you with a +0 long sword.
You hit the ice beast but do no damage.
The ice beast is severely wounded.
The ice beast hits you but does no damage.
The orc warrior hits you with a +0 long sword!
* * * LOW HITPOINT WARNING * * *
You hit the ice beast.
The ice beast is severely wounded.
The ice beast hits you but does no damage.
The orc warrior hits you but does no damage.
You barely miss the ice beast.
The ice beast is severely wounded.
You block the ice beast's attack. The orc warrior misses you.
You barely miss the ice beast.
The ice beast is severely wounded.
The ice beast hits you but does no damage.
You block the orc warrior's attack.
The orc warrior hits you but does no damage.
The ice beast hits you.
* * * LOW HITPOINT WARNING * * *
The ice beast freezes you!
You die...

#..# #..# #.# ##
###..# #.. # ...
#....# #.#.### #.#
#.#.## ...... ...
#.#..#####.#.###.#
#####.##.##.......#.#
#........##.##.###.##
#.###.#.......{o@Y.$#
#.# #.##....##o####.#
#.# #.#####.##.# ..
#.###.# #.##.. ...
....#.#####.##..o ##.
###..........##..o #
#...#+#..#. #..o
###..##F#.###. ..#.
.....##W#..#


You could see an orc warrior, an ice beast and an orc.

Vanquished Creatures
  A black bear (D:5)
  An ice beast (D:5)
  2 ogres (D:5)
  3 phantoms (D:5)
  3 scorpions
  A jelly (D:5)
  2 orc priests (D:5)
  2 hounds (D:5)
  2 iguanas
  Ijyb (D:3)
  3 orc wizards
  A hell rat (Sewer)
  8 gnolls
  10 adders
  6 river rats
  An ufetubus (D:5)
  A worm (D:3)
  7 dart slugs
  17 orcs
  6 endoplasms
  3 giant cockroaches
  10 goblins
  9 hobgoblins
  A quokka (D:2)
  3 ball pythons
  2 bats
  3 frilled lizards
  2 kobolds
  9 rats
120 creatures vanquished.

Notes
Turn   | Place    | Note
-------+----------+-------------------------------------------
     0 | D:1      | timneilson the Gargoyle Fighter began the quest for the
                  | Orb.
     0 | D:1      | Reached XP level 1. HP: 14/14 MP: 1/1
    82 | D:1      | Reached XP level 2. HP: 11/19 MP: 2/2
   869 | D:2      | Reached XP level 3. HP: 19/23 MP: 3/3
  1116 | D:2      | Reached XP level 4. HP: 24/28 MP: 4/4
  1309 | D:2      | Identified the +3 scale mail of the Fiend {rCorr Str+3}
  1438 | D:3      | Identified the +1 pair of boots "Paiklax" {rElec rPois rF-
                  | Will-}
  1506 | D:3      | Reached skill level 1 in Dodging
  1538 | D:3      | Found a faded altar of an unknown god.
  1588 | D:3      | Reached XP level 5. HP: 33/33 MP: 5/5
  1810 | D:3      | Found a glowing drain.
  1817 | Sewer    | Entered a sewer
  1944 | Sewer    | Reached XP level 6. HP: 38/38 MP: 6/6
  2132 | D:3      | Found a sacrificial altar of Ru.
  2411 | D:3      | Noticed Ijyb
  2426 | D:3      | Killed Ijyb
  2752 | D:4      | Found a staircase to the Ecumenical Temple.
  2761 | Temple   | Entered the Ecumenical Temple
  2881 | D:4      | Reached skill level 5 in Armour
  2881 | D:4      | Reached skill level 5 in Shields
  2922 | D:4      | Identified the +2 robe of Brilliance {Harm rElec Int+4}
  2985 | D:4      | Reached XP level 7. HP: 36/43 MP: 5/7
  3245 | D:5      | Entered Level 5 of the Dungeon
  3480 | D:5      | Reached skill level 1 in Evocations
  3847 | D:5      | HP: 1/44 [ogre/+0 giant spiked club (11)]
  3860 | D:5      | Reached XP level 8. HP: 40/48 MP: 1/8
  4478 | D:5      | Reached skill level 5 in Fighting
  4822 | D:6      | Found a runed translucent door.
  4825 | D:6      | Noticed baller8008's ghost (novice TrBe)
  4890 | D:6      | Slain by an ice beast

Illustrated notes

Levels and vault maps discovered:
D:1:      minmay_arrival_checkered_box, layout_basic, amethyst_killhole,
          chequers_arboretum, serial_park_tiny_pond
D:2:      cheibrodos_greedy_goblins, layout_rooms
D:3:      layout_loops_ring, lemuel_coloured_pillars_altar,
          chequers_ecumenical_altar_simple, lightli_sewer_entry_pipes, uniq_ijyb
D:4:      layout_gridville, minmay_temple_entry_statues_fountains, hex_tiny,
          chequers_decorated_corner
D:5:      layout_basic, minmay_misc_feat_tiny, kennysheep_generic_room_6
D:6:      layout_loops_ring, evilmike_ruin_ashenzari, ebering_ghost_sewer_d
Temple:   nicolae_temple_no_exploring_needed

Skill      XL: |  1  2  3  4  5  6  7  8 |
---------------+-------------------------+-----
Long Blades    | 2 3 4 |  4.8
Shields        | 4 5 6 |  6.3
Armour         | 4 5 6 |  6.4
Dodging        | 1 2 |  2.7
Fighting       | 4 5 |  5.0
Evocations     | 1 2 |  2.1

Action                     |  1- 3 |  4- 6 |  7- 9 || total
---------------------------+-------+-------+-------++-------
  Melee: Long sword        |   120 |   367 |   335 ||   822
         Unarmed           |       |     7 |       ||     7
    Use: Scroll            |       |     5 |     5 ||    10
         Potion            |       |       |    11 ||    11
 Armour: Scale mail        |    78 |   223 |   189 ||   490
         Skin              |       |     4 |       ||     4
  Dodge: Dodged            |    77 |   180 |   185 ||   442
  Block: Buckler           |    36 |    83 |    93 ||   212

Table legend: (Time is in decaauts)
 A = Elapsed time spent in this place.
 B = Non-inter-level travel time spent in this place.
 C = Inter-level travel time spent in this place.
 D = Time resting spent in this place.
 E = Time spent auto-exploring this place.
 F = Levels seen in this place.
 G = Mean time per level.
                   A        B        C        D        E       F      G
               +--------+--------+--------+--------+--------+-----+--------+
         Total |   5159 |   4931 |    228 |      0 |   3129 |   8 |  644.9 |
       Dungeon |   4984 |   4756 |    228 |      0 |   3038 |   6 |  830.7 |
        Temple |      1 |      1 |      0 |      0 |      0 |   1 |    1.0 |
         Sewer |    172 |    172 |      0 |      0 |     90 |   1 |  172.0 |
               +--------+--------+--------+--------+--------+-----+--------+

Top non-repeatable levels by time:
     D:5: 1572 daAuts
     D:3: 1228 daAuts
     D:1: 872 daAuts
     D:4: 643 daAuts
     D:2: 561 daAuts
   Sewer: 172 daAuts
     D:6: 105 daAuts
  Temple: 1 daAuts
